 Dungeon Crawl Stone Soup version 0.22.1-1-ga44c0e5 (webtiles) character file.

186 Zephyr the Covered (level 5, -8/34 HPs)
             Began as a Gargoyle Fighter on Nov 1, 2018.
             Killed by divine providence
             ... invoked by an orc priest
              (15 damage)
             ... on level 4 of the Dungeon.
             The game lasted 00:09:35 (3031 turns).

Zephyr the Covered (Gargoyle Fighter)               Turns: 3031, Time: 00:09:36

Health: -8/34      AC: 10    Str: 21    XL:     5   Next: 65%
Magic:  5/5        EV:  8    Int:  8    God:
Gold:   249        SH:  9    Dex:  9    Spells: 4/4 levels left

rFire    . . .     SeeInvis .   a - +0 flail
rCold    . . .     Gourm    .   c - +0 shield
rNeg     + . .     Faith    .   t - +0 ring mail (curse)
rPois    ∞         Spirit   .   (no helmet)
rElec    +         Reflect  .   (no cloak)
rCorr    .         Harm     .   (no gloves)
MR       .....                  (no boots)
Stlth    ..........             (no amulet)
HPRegen  0.11/turn              (no ring)
MPRegen  0.09/turn              (no ring)

@: no status effects
A: negative energy resistance 1, electricity resistance, unbreathing,
petrification resistance, rot immunity, AC +4
a: no special abilities


You were on level 4 of the Dungeon.
You were not hungry.

You visited 1 branch of the dungeon, and saw 4 of its levels.

You collected 249 gold pieces.

Inventory:

Hand Weapons
 a - a +0 flail (weapon)
Armour
 b - a +0 scale mail
 c - a +0 shield (worn)
 t - a cursed +0 ring mail (worn)
Jewellery
 e - an uncursed amulet of guardian spirit {unknown}
Wands
 q - a wand of paralysis (14)
Scrolls
 h - a scroll of identify
 m - a scroll of amnesia {unknown}
 n - a scroll of blinking
 o - a scroll of enchant weapon {unknown}
 p - a scroll of random uselessness {unknown}
 u - a scroll of magic mapping {unknown}
Potions
 d - 2 potions of might
 g - 3 potions of lignification
 i - 2 potions of heal wounds {unknown}
 j - 3 potions of brilliance {unknown}
 k - 2 potions of curing {unknown}
 l - a potion of invisibility {unknown}
 r - a potion of flight {unknown}
 s - a potion of resistance {unknown}
Comestibles
 f - 4 rations


   Skills:
 + Level 4.4 Fighting
 + Level 3.2 Maces & Flails
 + Level 4.4 Armour
 + Level 4.3 Shields


You had 4 spell levels left.
You didn't know any spells.
Your spell library was empty.

Dungeon Overview and Level Annotations

Branches:
Dungeon (4/15)
 Temple: D:4-7

Altars:


Innate Abilities, Weirdness & Mutations

You are resistant to torment.
Your stone body is resilient. (AC +4)
You are immune to poison.
You resist negative energy. (rN+)
You are resistant to electric shocks. (rElec)
You can survive without breathing.
You are immune to petrification.
You are immune to rotting.


Message History

The orc priest is lightly wounded.
The orc hits you with a club.
You hit the orc but do no damage. You block the orc's attack.
You hit the orc but do no damage. The orc hits you but does no damage.
You hit the orc.
The orc is moderately wounded.
The orc hits you but does no damage. You block the orc's attack.
You thump the orc!
You kill the orc!
The orc priest casts a cantrip, but nothing happens.
The orc completely misses you.
The orc priest invokes the aid of Beogh against you.
Beogh smites you!
* * * LOW HITPOINT WARNING * * *
You hit the orc priest.
The orc priest is heavily wounded.
You block the orc's attack.
The orc priest calls down the wrath of Beogh upon you.
Beogh smites you!
You die...

#### ...# #..# #..#
#..# #..#######
#..oo....#####.#
#(.)@...........
##.#####.#####.
#)........####..
#.................##
#..#####...........
#..##....######...#
#..##.##.# #...#
#..## #.# #...# #..#
#.######...##.


You could see an orc priest and an orc.

Vanquished Creatures
  An orc wizard (D:4)
  4 adders
  3 gnolls (D:2)
  4 worms
  2 leopard geckos (D:1)
  7 orcs
  3 bats
  3 giant cockroaches
  12 goblins
  5 hobgoblins
  7 jackals
  5 kobolds
  A quokka (D:2)
  A ball python (D:3)
  4 frilled lizards
  6 rats
68 creatures vanquished.

Notes
Turn   | Place    | Note
-------+----------+-------------------------------------------
     0 | D:1      | Zephyr the Gargoyle Fighter began the quest for the Orb.
     0 | D:1      | Reached XP level 1. HP: 14/14 MP: 1/1
     1 | D:1      | Noticed an electric eel
    75 | D:1      | Reached XP level 2. HP: 19/19 MP: 2/2
   422 | D:1      | Reached XP level 3. HP: 23/23 MP: 3/3
  1002 | D:1      | Reached XP level 4. HP: 22/29 MP: 4/4
  2155 | D:3      | Reached XP level 5. HP: 25/33 MP: 5/5
  3031 | D:4      | Killed from afar by an orc priest

Skill      XL: |  1  2  3  4 |
---------------+-------------+-----
Armour         | 4 |  4.4
Fighting       | 4 |  4.4
Shields        | 4 |  4.3
Maces & Flails | 3 |  3.2

Action                   |  1- 3 |  4- 6 || total
-------------------------+-------+-------++-------
Melee: Flail             |   120 |   171 ||   291
  Use: Scroll            |       |     2 ||     2
  Eat: Chunk             |       |     8 ||     8
Armor: Scale mail        |    55 |    70 ||   125
       Ring mail         |       |     3 ||     3
Dodge: Dodged            |    42 |    47 ||    89
Block: Shield            |    68 |   108 ||   176
